 Dungeon Crawl Stone Soup version 0.24.0-123-gd5b16e6ec5 (webtiles) character file.

Game seed: 11955651454859051436, levelgen mode: deterministic

78 vishdafish the Shooter (level 4, 0/37 HPs)
             Began as a Centaur Hunter on Dec 17, 2019.
             Slain by a crimson imp (3 damage)
             ... on level 3 of the Dungeon.
             The game lasted 00:02:17 (1715 turns).

vishdafish the Shooter (Centaur Hunter)             Turns: 1715, Time: 00:02:18

Health: 0/37       AC:  4    Str: 15    XL:     4   Next: 15%
Magic:  4/4        EV:  9    Int: 10    God:
Gold:   89         SH:  0    Dex: 10    Spells: 3/3 levels left

rFire    . . .     SeeInvis .   b - +0 short sword
rCold    . . .     Gourm    .   (no shield)
rNeg     . . .     Faith    .   c - +0 leather armour
rPois    .         Spirit   .   (no helmet)
rElec    .         Reflect  .   (no cloak)
rCorr    .         Harm     .   (no gloves)
MR       +....                  (no barding)
Stlth    +.........             (no amulet)
HPRegen  0.12/turn              q - ring of protection from magic
MPRegen  0.09/turn              (no ring)

@: very quick
A: large, hooves 3, deformed body, speed 2, tough skin 3
a: no special abilities


You were on level 3 of the Dungeon.
You were very hungry.

You visited 1 branch of the dungeon, and saw 3 of its levels.

You collected 89 gold pieces.

Inventory:

Hand Weapons
 a - a +1 shortbow
 b - a +0 short sword (weapon)
Missiles
 d - 28 arrows
Armour
 c - a +0 leather armour (worn)
Jewellery
 q - a ring of protection from magic (left hand)
Scrolls
 e - 4 scrolls of identify {unknown}
 g - a scroll of magic mapping {unknown}
 i - 4 scrolls of remove curse {unknown}
 k - 2 scrolls of teleportation {unknown}
 l - 2 scrolls of fog {unknown}
 p - a scroll of immolation {unknown}
Potions
 h - a potion of curing {unknown}
 j - 3 potions of resistance {unknown}
 m - a potion of lignification {unknown}
 n - 2 potions of berserk rage {unknown}
 o - a potion of haste {unknown}
Comestibles
 f - 7 rations


   Skills:
 + Level 2.5 Fighting
 * Level 6.8 Bows
 + Level 1.9 Dodging
 - Level 0.4 Stealth


You had 3 spell levels left.
You didn't know any spells.
Your spell library was empty.

Dungeon Overview and Level Annotations

Branches:
Dungeon (3/15)

Altars:
Dithmenos
Makhleb
Trog
Vehumet
Xom


Innate Abilities, Weirdness & Mutations

You have hooves in place of feet.
Armour fits poorly on your strangely shaped body.
You cover ground very quickly.
You have extremely tough skin. (AC +3)


Message History

The bat is moderately wounded.
The bat barely misses you. x2; The crimson imp blinks!
You closely miss the bat. You kick the bat.
The bat is severely wounded.
The bat hits you.
* * * LOW HITPOINT WARNING * * *
The crimson imp blinks!
You hit the bat.
You kill the bat!
You see here a bat corpse.
You closely miss the crimson imp. The crimson imp hits you.
* * * LOW HITPOINT WARNING * * *
You hit the crimson imp but do no damage.
Your kick misses the crimson imp. The crimson imp hits you.
* * * LOW HITPOINT WARNING * * *
You hit the crimson imp but do no damage.
You kick the crimson imp.
The crimson imp is moderately wounded.
The crimson imp closely misses you. The crimson imp hits you.
You die...

### #######
...##.....##
............##
.........5..[.#
.........@....#
........†....#
.............#
###..........#
##.##.........#
#_..##.......##
#....'......##
#_..##).#####
##. #<#.#


You could see a crimson imp.

Vanquished Creatures
  3 adders
  An ooze (D:3)
  A worm (D:2)
  A dart slug (D:1)
  2 leopard geckos
  A giant cockroach (D:1)
  5 goblins
  3 hobgoblins
  5 kobolds
  2 quokkas (D:2)
  4 ball pythons
  5 bats
  2 frilled lizards
  11 rats
46 creatures vanquished.

Notes
Turn   | Place    | Note
-------+----------+-------------------------------------------
     0 | D:1      | vishdafish the Centaur Hunter began the quest for the Orb.
     0 | D:1      | Reached XP level 1. HP: 17/17 MP: 1/1
   156 | D:1      | Reached XP level 2. HP: 24/24 MP: 2/2
   211 | D:1      | Reached skill level 6 in Bows
   839 | D:2      | Reached XP level 3. HP: 29/29 MP: 3/3
  1136 | D:2      | Found a shimmering altar of Xom.
  1137 | D:2      | Found a shadowy altar of Dithmenos.
  1181 | D:2      | Found a bloodstained altar of Trog.
  1668 | D:3      | Reached XP level 4. HP: 29/37 MP: 4/4
  1669 | D:3      | Found a radiant altar of Vehumet.
  1690 | D:3      | Found a burning altar of Makhleb.
  1715 | D:3      | Slain by a crimson imp

Levels and vault maps discovered:
D:1:      dpeg_arrival_ratfight, layout_basic
D:2:      layout_basic, lemuel_doored_altar, gammafunk_temple_overflow_pools,
          first_ration, supply_closet_lemuel
D:3:      layout_rooms, grunt_temple_overflow_lords_of_destruction,
          lemuel_crystal_altar

Skill      XL: |  1  2 |
---------------+-------+-----
Bows           | 6 |  6.8
Fighting       | |  2.5
Dodging        | |  1.9
Stealth        | |  0.4

Action                   |  1- 3 |  4- 6 || total
-------------------------+-------+-------++-------
Melee: Short sword       |    40 |    30 ||    70
       Kick              |     9 |     7 ||    16
 Fire: Shortbow          |    64 |       ||    64
Armor: Leather armour    |    14 |    22 ||    36
Dodge: Dodged            |    37 |    21 ||    58
